 Dungeon Crawl Stone Soup version 0.27.1-16-g815e20cd7a (webtiles) character file.

Game seed: 1165533887646449258

7 Arandomuser the Poker (level 2, 0/22 HPs)
             Began as a Merfolk Gladiator on Nov 23, 2021.
             Slain by a kobold (1 damage)
             ... on level 1 of the Dungeon.
             The game lasted 00:01:05 (178 turns).

Arandomuser the Poker (Merfolk Gladiator)            Turns: 178, Time: 00:01:05

Health: 0/22       AC:  4    Str: 14    XL:     2   Next: 0%
Magic:  2/2        EV: 10    Int:  7    God:
Gold:   9          SH:  0    Dex: 15    Spells: 1/1 levels left

rFire    . . .     SeeInvis .   a - +0 trident
rCold    . . .     Faith    .   (no shield)
rNeg     . . .     Spirit   .   b - +0 leather armour
rPois    .         Reflect  .   c - +0 helmet
rElec    .         Harm     .   (no cloak)
rCorr    .         Rampage  .   (no gloves)
Will     .....                  (no boots)
Stlth    +.........             (no amulet)
HPRegen  0.07/turn              (no ring)
MPRegen  0.08/turn              (no ring)

@: constricted
A: (nimble swimmer 2), mertail
a: no special abilities


You were on level 1 of the Dungeon.
You visited 1 branch of the dungeon, and saw 1 of its levels.

You collected 9 gold pieces.

Inventory:

Hand Weapons
 a - a +0 trident (weapon)
Missiles
 d - 3 throwing nets (quivered)
Armour
 b - a +0 leather armour (worn)
 c - a +0 helmet (worn)


   Skills:
 + Level 2.2 Fighting
 + Level 4.9 Polearms
 + Level 2.0 Throwing
 + Level 4.1 Dodging


You had one spell level left.
You didn't know any spells.
Your spell library was empty.

Dungeon Overview and Level Annotations

Branches:
Dungeon (1/15)

Altars:


Innate Abilities, Weirdness & Mutations

((You are quick and stealthy near water. (Stealth+, EV+, Speed+++)))
Your lower body shifts to a powerful aquatic tail in water.


Message History

You hit the endoplasm but do no damage.
The endoplasm is heavily wounded.
The bat closely misses you. The ball python closely misses you.
The endoplasm hits you but does no damage.
The ball python bites you but does no damage.
The ball python constricts you.
You puncture the endoplasm!
You kill the endoplasm!
The bat closely misses you.
The ball python bites you but does no damage.
The ball python barely misses you. The ball python constricts you.
The ball python bites you.
You have reached level 2!
You closely miss the hobgoblin. The bat hits you but does no damage.
The ball python bites you.
* * * LOW HITPOINT WARNING * * *
The ball python constricts you. The ball python misses you.
The hobgoblin barely misses you. The kobold hits you with a +0 club.
* * * LOW HITPOINT WARNING * * *
The ball python completely misses you. The ball python constricts you.
You hit the hobgoblin.
The hobgoblin is moderately wounded.
The bat hits you but does no damage. The ball python bites you.
* * * LOW HITPOINT WARNING * * *
The hobgoblin barely misses you. The ball python bites you.
* * * LOW HITPOINT WARNING * * *
The ball python constricts you.
* * * LOW HITPOINT WARNING * * *
The kobold completely misses you. The bat barely misses you.
You hit the hobgoblin but do no damage.
The hobgoblin is moderately wounded.
The bat hits you but does no damage. The ball python closely misses you.
The ball python barely misses you. The ball python constricts you.
The hobgoblin hits you but does no damage.
The kobold barely misses you. The ball python barely misses you.
You hit the hobgoblin.
You kill the hobgoblin!
The bat closely misses you. The ball python closely misses you.
The ball python constricts you. The kobold hits you with a +0 club.
You die...

#..............
#......K.S.#.##
#.#.########..#
#.....# ##.#
########'#####
#..
#...........#
##.
#...........#
####.
+...SKS.....+
.....
#...b@K.....#
#####
#..(........# #
#...........# #
#...........# #
#...........# #
#...........#
#####
#...........#
....g
#############
..... .....


You could see a bat, 2 ball pythons and 2 kobolds.

Vanquished Creatures
  An endoplasm (D:1)
  2 hobgoblins (D:1)
  A quokka (D:1)
  3 ball pythons (D:1)
  A rat (D:1)
8 creatures vanquished.

Notes
Turn   | Place    | Note
-------+----------+-------------------------------------------
     0 | D:1      | Arandomuser the Merfolk Gladiator began the quest for the
                  | Orb.
     0 | D:1      | Reached XP level 1. HP: 16/16 MP: 1/1
   175 | D:1      | Reached XP level 2. HP: 9/22 MP: 2/2
   176 | D:1      | HP: 1/22 [constriction (1)]
   178 | D:1      | Slain by a kobold

Illustrated notes

Levels and vault maps discovered:
D:1:      eino_arrival_water_star, layout_basic

Action                   || total
-------------------------++-------
Melee: Trident           ||    25
  Use: Scroll            ||     2
Armor: Leather armour    ||    32
Dodge: Dodged            ||    66
